 Dungeon Sprint DCSS version 0.17-a0-1570-g74b7129 (webtiles) character file.

696 tt080 the Cruncher (level 7, 0/70 HPs)
             Began as a Minotaur Gladiator on July 23, 2015.
             Was a Priest of Makhleb.
             Slain by a nine-headed hydra (5 damage)
             ... in the Dungeon (Sprint IX: "|||||||||||||||||||||||||||||").
             The game lasted 00:01:33 (249 turns).

tt080 the Cruncher (Minotaur Gladiator)              Turns: 249, Time: 00:01:33

Health: 0/70       AC: 12    Str: 20    XL:     7   Next: 37%
Magic:  6/6        EV: 14    Int:  5    God:    Makhleb [***...]
Gold:   0          SH:  0    Dex: 12    Spells: 0 memorised, 6 levels left

rFire  . . .     SeeInvis .     p - +0 lajatang
rCold  . . .     Clarity  .     s - +1 scale mail
rNeg   . . .     SustAt   .     (no shield)
rPois  .         Gourm    .     c - +0 hat
rElec  .         Spirit   .     (no cloak)
rCorr  .         Warding  .     r - +0 pair of gloves
rMut   .         NoTele   +     q - +0 pair of boots
MR     .....                    (no amulet)
Stlth  ..........               (no ring)
                                (no ring)

@: not resistant to hostile enchantments, extremely unstealthy
A: retaliatory headbutt, horns 2
a: Minor Destruction, Lesser Servant of Makhleb, Renounce Religion


You were in the Dungeon.
You worshipped Makhleb.
Makhleb was most pleased with you.
You were not hungry.

You visited 1 branch

Inventory:

Hand weapons
 a - a +0 quarterstaff
 p - a +0 lajatang (weapon)
Armour
 b - a +0 leather armour
 c - a +0 hat (worn)
 q - a +0 pair of boots (worn)
 r - a +0 pair of gloves (worn)
 s - a +1 scale mail (worn)
Magical staves
 o - an uncursed staff of energy
Jewellery
 t - a +3 ring of dexterity
 u - a +3 ring of dexterity
Magical devices
 n - a wand of fire (7)
Scrolls
 k - 2 scrolls of blinking
 l - 3 scrolls of remove curse
 m - 2 scrolls of amnesia
Potions
 d - a potion of invisibility
 f - 5 potions of curing
 g - 3 potions of heal wounds
 h - a potion of haste
 i - 4 potions of magic
 j - a potion of berserk rage
Comestibles
 e - a bread ration


   Skills:
 + Level 9.0 Fighting
 * Level 12.4 Staves
 - Level 2.0 Throwing
 + Level 8.5 Armour
 + Level 8.7 Dodging


You had 6 spell levels left.
You didn't know any spells.

Dungeon Overview and Level Annotations

Branches:
Dungeon (1/1)

Altars:
Cheibriados
Dithmenos
Elyvilon
Fedhas
Gozag
Kikubaaqudgha
Makhleb
Nemelex Xobeh
Okawaru
Qazlal
Ru
Sif Muna
Trog
Vehumet
Xom
Yredelemnul
Zin
The Shining One
Beogh
Jiyva
Lugonu


Innate Abilities, Weirdness & Mutations

You reflexively headbutt those who attack you in melee.
You have a pair of horns on your head.


Message History

The eight-headed hydra barely misses you.
The eight-headed hydra closely misses you.
The eight-headed hydra barely misses you.
The eight-headed hydra bites you but does no damage. x2
The eight-headed hydra completely misses you.
The eight-headed hydra bites you.
* * * LOW HITPOINT WARNING * * *
You hack one of the eight-headed hydra's heads off!
The seven-headed hydra grows two more!
You hit the nine-headed hydra. You headbutt the nine-headed hydra!
The nine-headed hydra is moderately wounded.
The nine-headed hydra bites you but does no damage.
The nine-headed hydra bites you!
* * * LOW HITPOINT WARNING * * *
The nine-headed hydra closely misses you.
The nine-headed hydra bites you!
* * * LOW HITPOINT WARNING * * *
The nine-headed hydra closely misses you.
The nine-headed hydra bites you.
You die...

▓.▓
▓'▓
▓(▓
▓.▓
▓.▓
▓.▓
▓.▓
▓.▓
▓@▓
▓D▓
▓o▓
▓z▓
▓.▓
▓.▓
▓.▓
▓+▓


You could see a nine-headed hydra, a wight and an orc.

Vanquished Creatures
  A cyclops (D)
  A mottled dragon (D)
  A centaur (D)
  An orc priest (D)
  An iguana (D)
  3 worker ants (D)
  2 adder zombies (D)
  A giant gecko (D)
  A hobgoblin (D)
  A kobold (D)
  A quokka (D)
  A giant cockroach zombie (D)
  A giant gecko zombie (D)
  2 goblins (D)
  A rat (D)
19 creatures vanquished.

Notes
Turn   | Place    | Note
--------------------------------------------------------------
     0 | D        | tt080 the Minotaur Gladiator began the quest for the Orb.
     0 | D        | Reached XP level 1. HP: 18/18 MP: 0/0
     7 | D        | Reached skill level 4 in Staves
    11 | D        | Reached skill level 1 in Armour
   129 | D        | Noticed a worker ant
   130 | D        | Killed a worker ant
   130 | D        | Reached skill level 5 in Staves
   130 | D        | Reached XP level 2. HP: 24/27 MP: 1/1
   132 | D        | Reached XP level 3. HP: 25/33 MP: 2/2
   144 | D        | Found a glowing silver altar of Zin.
   144 | D        | Found a glowing golden altar of the Shining One.
   144 | D        | Found an ancient bone altar of Kikubaaqudgha.
   144 | D        | Found a basalt altar of Yredelemnul.
   144 | D        | Found a shimmering altar of Xom.
   144 | D        | Found a radiant altar of Vehumet.
   145 | D        | Found an iron altar of Okawaru.
   146 | D        | Found a burning altar of Makhleb.
   147 | D        | Found a deep blue altar of Sif Muna.
   148 | D        | Found a bloodstained altar of Trog.
   149 | D        | Found a sparkling altar of Nemelex Xobeh.
   150 | D        | Found a white marble altar of Elyvilon.
   151 | D        | Found a roughly hewn altar of Beogh.
   152 | D        | Found a viscous altar of Jiyva.
   153 | D        | Found a corrupted altar of Lugonu.
   154 | D        | Became a worshipper of Makhleb the Destroyer
   155 | D        | Found a blossoming altar of Fedhas.
   156 | D        | Found a snail-covered altar of Cheibriados.
   157 | D        | Found a shadowy altar of Dithmenos.
   158 | D        | Found a stormy altar of Qazlal.
   159 | D        | Found an opulent altar of Gozag.
   160 | D        | Found a sacrificial altar of Ru.
   212 | D        | Noticed a centaur
   212 | D        | Noticed a worker ant
   212 | D        | Noticed an orc priest
   212 | D        | Noticed an iguana
   216 | D        | Reached skill level 6 in Staves
   219 | D        | Killed a centaur
   219 | D        | Acquired Makhleb's first power
   219 | D        | Reached skill level 5 in Fighting
   219 | D        | Reached skill level 7 in Staves
   219 | D        | Reached skill level 5 in Dodging
   219 | D        | Reached XP level 4. HP: 36/42 MP: 3/3
   221 | D        | Killed a worker ant
   221 | D        | Reached skill level 8 in Staves
   221 | D        | Reached skill level 5 in Armour
   221 | D        | Reached XP level 5. HP: 38/50 MP: 4/4
   225 | D        | Killed an orc priest
   225 | D        | Acquired Makhleb's second power
   228 | D        | Killed an iguana
   228 | D        | Reached skill level 9 in Staves
   235 | D        | Noticed a mottled dragon
   235 | D        | Noticed a cyclops
   235 | D        | Noticed a worker ant
   235 | D        | Noticed a wight
   235 | D        | Noticed a seven-headed hydra
   239 | D        | Killed a mottled dragon
   239 | D        | Reached skill level 10 in Staves
   239 | D        | Reached XP level 6. HP: 31/60 MP: 5/5
   244 | D        | Killed a cyclops
   244 | D        | Acquired Makhleb's third power
   244 | D        | Reached skill level 12 in Staves
   244 | D        | Reached XP level 7. HP: 34/70 MP: 6/6
   247 | D        | Killed a worker ant
   249 | D        | Slain by a nine-headed hydra

Vault maps used:
D:        linesprint

Action                   |  1- 3 |  4- 6 |  7- 9 || total
-------------------------+-------+-------+-------++-------
Melee: Quarterstaff      |    19 |       |       ||    19
       Lajatang          |     6 |    17 |     5 ||    28
Throw: Throwing net      |     3 |       |       ||     3
